cohdb
Replays
Latest Replays
All Replays
Popular Replays
Top Player Replays
Match Explorer
How It Works
Community
CoH3 Stats
Reddit
Sign in to upload your games and track your stats! →
Sign in with Steam
Match 41013434
Unlisted
Match 41013434
Overview
Messages
Build Orders
End
Royal Engineer Section
Construct Section Command Post
Selects Canadian Shock Battlegroup
Dingo Light Scout Car
Grenade Package
Infantry Section
Selects Attacking Spirit
Selects Canadian Shock Section
Vickers Machine Gun Team
Construct Platoon Command Post
Selects Incendiary Munitions
Infantry Training
Team Weapon Training
6-pounder Anti-tank Gun Team
Royal Engineer Section
Selects Pyrotechnics
Construct Company Command Post
Royal Engineer Section
Crusader II Medium Tank
Crusader II Medium Tank
Royal Engineer Section
Royal Engineer Section
Crusader II Medium Tank
Selects Point Assault
BloodSpark
Cons01
Cuttysark
Mila!
Bikini Bottom Jellyfish Hunter
Twin
DHellstrom
[NOMAD] AndrewZ
0
0
Comments
sign in to comment!
No comments posted yet!